MLB
ATLANTA BRAVES @ MILWAUKEE BREWERS
05/31/2098
 
TOP OF THE 1ST
Atlanta Braves batting - Pitching for Milwaukee Brewers : RHP Jay Wells
Pitching: RHP Jay Wells
Batting: LHB Jordan Montijo 0-0: Ball
1-0: Foul Ball, location: 25FF
1-1: Foul Ball, location: 2F
1-2: Ball
2-2: Strikes out swinging
Batting: LHB Wade Ronsonet 0-0: Ball
1-0: Called Strike
1-1: Ball
2-1: Called Strike
2-2: Strikes out swinging
Batting: RHB Ramon Carrion 0-0: Foul Ball, location: 5F
0-1: Ball
1-1: Ball
2-1: Ground out 5-3 (Groundball, 56S, EV 67.5 MPH)
Top of the 1st over - 0 runs, 0 hits, 0 errors, 0 left on base; Atlanta 0 - Milwaukee 0
BOTTOM OF THE 1ST
Milwaukee Brewers batting - Pitching for Atlanta Braves : RHP Ryan Kohn
Pitching: RHP Ryan Kohn
Batting: RHB Byron Weaver 0-0: Foul Ball, location: 7LMF
0-1: Ball
1-1: Swinging Strike
1-2: Fly out, F8 (Flyball, 8RM, EV 81.3 MPH)
Batting: LHB Alex Cruz 0-0: Foul Ball, location: 7LDF
0-1: Ball
1-1: Ball
2-1: Called Strike
2-2: Strikes out swinging
Batting: RHB Joe Hardie 0-0: Called Strike
0-1: Ball
1-1: Ball
2-1: Ground out 6-3 (Groundball, 6, EV 87.5 MPH)
Bottom of the 1st over - 0 runs, 0 hits, 0 errors, 0 left on base; Atlanta 0 - Milwaukee 0
TOP OF THE 2ND
Atlanta Braves batting - Pitching for Milwaukee Brewers : RHP Jay Wells
Batting: SHB Joe Richardson 0-0: Ball
1-0: Called Strike
1-1: Ball
2-1: Ball
3-1: Base on Balls
Batting: SHB Carlos Carballo 0-0: Ball
1-0: Ball
2-0: Ball
3-0: Called Strike
3-1: Grounds into double play, 3-6-3 (Groundball, 3, EV 85.0 MPH)
Batting: RHB Antonio Mejia 0-0: Foul Ball, location: 9LMF
0-1: Ball
1-1: Foul Ball, location: 2F
1-2: Ball
2-2: Ball
3-2: Ground out 6-3 (Groundball, 6, EV 106.9 MPH)
Top of the 2nd over - 0 runs, 0 hits, 0 errors, 0 left on base; Atlanta 0 - Milwaukee 0
BOTTOM OF THE 2ND
Milwaukee Brewers batting - Pitching for Atlanta Braves : RHP Ryan Kohn
Batting: RHB Johnny Curet 0-0: DOUBLE (Line Drive, 8RXD, EV 110.6 MPH)
Batting: SHB Jamie Saxton 0-0: Ball
1-0: 2-RUN HOME RUN (Line Drive, 9D, EV 98.8 MPH), Distance : 380 ft
Batting: LHB Ron Lenz 0-0: Fly out, F4 (Popup, 4, EV 53.8 MPH)
Batting: LHB Alex Miranda 0-0: Ball
1-0: Ball
2-0: SINGLE (Line Drive, 8RS, EV 98.8 MPH)
Batting: RHB Josh Merklin 0-0: Fly out, F9 (Line Drive, 89M, EV 86.3 MPH)
Batting: LHB Chris Weinert 0-0: Ball
1-0: Called Strike
1-1: Foul Ball, location: 23F
1-2: Ball
2-2: Strikes out swinging
Bottom of the 2nd over - 2 runs, 3 hits, 0 errors, 1 left on base; Atlanta 0 - Milwaukee 2
TOP OF THE 3RD
Atlanta Braves batting - Pitching for Milwaukee Brewers : RHP Jay Wells
Batting: LHB Mike Hancock 0-0: Called Strike
0-1: Ball
1-1: Foul Ball, location: 2F
1-2: Ball
2-2: Ground out 4-3 (Groundball, 4, EV 102.5 MPH)
Batting: LHB Felix Garza 0-0: Ground out 6-3 (Groundball, 6, EV 86.3 MPH)
Batting: RHB Matt Varner 0-0: Ball
1-0: Fly out, F9 (Flyball, 89M, EV 96.3 MPH)
Top of the 3rd over - 0 runs, 0 hits, 0 errors, 0 left on base; Atlanta 0 - Milwaukee 2
BOTTOM OF THE 3RD
Milwaukee Brewers batting - Pitching for Atlanta Braves : RHP Ryan Kohn
Batting: RHB Byron Weaver 0-0: Called Strike
0-1: Called Strike
0-2: Ball
1-2: Foul Ball, location: 2F
1-2: Ball
2-2: Foul Ball, location: 2F
2-2: Ground out 3-1 (Groundball, 34, EV 94.4 MPH)
Batting: LHB Alex Cruz 0-0: Ball
1-0: Ball
2-0: Called Strike
2-1: Ground out 4-3 (Groundball, 4S, EV 93.8 MPH)
Batting: RHB Joe Hardie 0-0: Called Strike
0-1: Called Strike
0-2: Ball
1-2: Ground out 6-3 (Groundball, 6, EV 100.0 MPH)
Bottom of the 3rd over - 0 runs, 0 hits, 0 errors, 0 left on base; Atlanta 0 - Milwaukee 2
TOP OF THE 4TH
Atlanta Braves batting - Pitching for Milwaukee Brewers : RHP Jay Wells
Batting: LHB Jordan Montijo 0-0: Ball
1-0: Foul Ball, location: 9LMF
1-1: Swinging Strike
1-2: Strikes out looking
Batting: LHB Wade Ronsonet 0-0: Ball
1-0: Foul Ball, location: 2F
1-1: Called Strike
1-2: Ball
2-2: Ball
3-2: Base on Balls
Batting: RHB Ramon Carrion 0-0: Foul Ball, location: 25FF
0-1: Ball
1-1: Fly out, F8 (Line Drive, 8RD, EV 86.3 MPH)
Batting: SHB Joe Richardson 0-0: Called Strike
0-1: Swinging Strike
0-2: Ball
Wade Ronsonet steals 2nd base
1-2: Strikes out swinging
Top of the 4th over - 0 runs, 0 hits, 0 errors, 1 left on base; Atlanta 0 - Milwaukee 2
BOTTOM OF THE 4TH
Milwaukee Brewers batting - Pitching for Atlanta Braves : RHP Ryan Kohn
Batting: RHB Johnny Curet 0-0: Ball
1-0: Called Strike
1-1: Ball
2-1: Foul Ball, location: 7LDF
2-2: Ball
3-2: Ground out 4-3 (Groundball, 4, EV 81.3 MPH)
Batting: SHB Jamie Saxton 0-0: SOLO HOME RUN (Flyball, 7LD, EV 95.0 MPH), Distance : 368 ft
Batting: LHB Ron Lenz 0-0: Ball
1-0: Called Strike
1-1: Ball
2-1: Fly out, F9 (Flyball, 89M, EV 85.6 MPH)
Batting: LHB Alex Miranda 0-0: Called Strike
0-1: Called Strike
0-2: Strikes out swinging
Bottom of the 4th over - 1 run, 1 hit, 0 errors, 0 left on base; Atlanta 0 - Milwaukee 3
TOP OF THE 5TH
Atlanta Braves batting - Pitching for Milwaukee Brewers : RHP Jay Wells
Batting: SHB Carlos Carballo 0-0: Swinging Strike
0-1: Ball
1-1: Fly out, F8 (Flyball, 8RD, EV 106.3 MPH)
Batting: RHB Antonio Mejia 0-0: Called Strike
0-1: Swinging Strike
0-2: Foul Ball, location: 2F
0-2: SOLO HOME RUN (Flyball, 78XD, EV 100.6 MPH), Distance : 407 ft
Pitching: LHP Mario Cisneros
Batting: LHB Mike Hancock 0-0: Ball
1-0: Called Strike
1-1: Called Strike
1-2: Fly out, F7 (Flyball, 78M, EV 84.4 MPH)
Batting: LHB Felix Garza 0-0: Swinging Strike
0-1: Ball
1-1: Ball
2-1: Swinging Strike
2-2: Strikes out looking
Top of the 5th over - 1 run, 1 hit, 0 errors, 0 left on base; Atlanta 1 - Milwaukee 3
BOTTOM OF THE 5TH
Milwaukee Brewers batting - Pitching for Atlanta Braves : RHP Ryan Kohn
Batting: RHB Josh Merklin 0-0: Ball
1-0: Ball
2-0: Called Strike
2-1: SINGLE (Flyball, 8RS, EV 94.4 MPH)
Batting: LHB Chris Weinert 0-0: Called Strike
0-1: Grounds into double play, 4-6-3 (Groundball, 13, EV 80.0 MPH)
Batting: RHB Byron Weaver 0-0: Ball
1-0: Swinging Strike
1-1: Ball
2-1: Ball
3-1: SOLO HOME RUN (Flyball, 7D, EV 104.4 MPH), Distance : 396 ft
Batting: LHB Alex Cruz 0-0: Called Strike
0-1: Called Strike
0-2: Ball
1-2: Fly out, F7 (Flyball, 78M, EV 87.5 MPH)
Bottom of the 5th over - 1 run, 2 hits, 0 errors, 0 left on base; Atlanta 1 - Milwaukee 4
TOP OF THE 6TH
Atlanta Braves batting - Pitching for Milwaukee Brewers : LHP Mario Cisneros
Batting: RHB Matt Varner 0-0: Foul Ball, location: 7LSF
0-1: Ground out 5-3 (Groundball, 56, EV 110.0 MPH)
Batting: LHB Jordan Montijo 0-0: Ball
1-0: Ball
2-0: Ball
3-0: Base on Balls
Batting: LHB Wade Ronsonet 0-0: Ball
1-0: Fielders Choice at 2nd, 3-6 (Groundball, 3, EV 110.0 MPH)
Pitching: RHP Josh Watts
Batting: RHB Ramon Carrion 0-0: Swinging Strike
0-1: Ball
1-1: Foul Ball, location: 9LDF
1-2: Strikes out swinging
Top of the 6th over - 0 runs, 0 hits, 0 errors, 1 left on base; Atlanta 1 - Milwaukee 4
BOTTOM OF THE 6TH
Milwaukee Brewers batting - Pitching for Atlanta Braves : RHP Ryan Kohn
Batting: RHB Joe Hardie 0-0: Foul Ball, location: 3SF
0-1: Swinging Strike
0-2: Foul Ball, location: 5F
0-2: Ball
1-2: Foul Ball, location: 2F
1-2: Strikes out swinging
Batting: RHB Johnny Curet 0-0: Ball
1-0: Called Strike
1-1: Called Strike
1-2: SINGLE (Line Drive, 8RS, EV 108.1 MPH)
Batting: SHB Jamie Saxton 0-0: Ball
1-0: Ball
2-0: Ball
3-0: Called Strike
3-1: Called Strike
3-2: 2-RUN HOME RUN (Flyball, 89XD, EV 106.9 MPH), Distance : 427 ft
Pitching: RHP Kenny Ward
Batting: LHB Ron Lenz 0-0: Ball
1-0: Fly out, F9 (Flyball, 9D, EV 110.0 MPH)
Batting: LHB Alex Miranda 0-0: Foul Ball, location: 9LSF
0-1: Ball
1-1: Swinging Strike
1-2: Foul Ball, location: 23F
1-2: Strikes out swinging
Bottom of the 6th over - 2 runs, 2 hits, 0 errors, 0 left on base; Atlanta 1 - Milwaukee 6
TOP OF THE 7TH
Atlanta Braves batting - Pitching for Milwaukee Brewers : RHP Josh Watts
Batting: SHB Joe Richardson 0-0: Ball
1-0: Foul Ball, location: 5F
1-1: Foul Ball, location: 5FF
1-2: Strikes out swinging
Batting: SHB Carlos Carballo 0-0: Ball
1-0: Fly out, F9 (Flyball, 9S, EV 91.9 MPH)
Batting: RHB Antonio Mejia 0-0: Called Strike
0-1: Reached on error, E6 (Groundball, 6, EV 86.3 MPH)
Batting: LHB Mike Hancock 0-0: Called Strike
0-1: Ground out 4-3 (Groundball, 4M, EV 77.5 MPH)
Top of the 7th over - 0 runs, 0 hits, 1 error, 1 left on base; Atlanta 1 - Milwaukee 6
BOTTOM OF THE 7TH
Milwaukee Brewers batting - Pitching for Atlanta Braves : RHP Kenny Ward
Batting: RHB Josh Merklin 0-0: Ball
1-0: Fly out, F9 (Flyball, 89M, EV 73.8 MPH)
Batting: LHB Chris Weinert 0-0: Swinging Strike
0-1: Ball
1-1: Called Strike
1-2: Foul Ball, location: 23F
1-2: Foul Ball, location: 2RF
1-2: Ball
2-2: Foul Ball, location: 2F
2-2: Foul Ball, location: 3DF
2-2: Strikes out swinging
Batting: RHB Byron Weaver 0-0: Called Strike
0-1: Ball
1-1: Ball
2-1: Fly out, F8 (Line Drive, 8LM, EV 93.8 MPH)
Bottom of the 7th over - 0 runs, 0 hits, 0 errors, 0 left on base; Atlanta 1 - Milwaukee 6
TOP OF THE 8TH
Atlanta Braves batting - Pitching for Milwaukee Brewers : RHP Josh Watts
Batting: LHB Felix Garza 0-0: Ball
1-0: Foul Ball, location: 5F
1-1: Ball
2-1: SINGLE (Line Drive, 9S, EV 98.8 MPH)
Batting: RHB Matt Varner 0-0: Called Strike
0-1: Swinging Strike
0-2: Foul Ball, location: 23F
0-2: Strikes out looking
Batting: LHB Jordan Montijo 0-0: Ball
1-0: Swinging Strike
1-1: Foul Ball, location: 2F
1-2: Fielders Choice at 2nd, 4-6 (Groundball, 34, EV 100.0 MPH)
Batting: LHB Wade Ronsonet 0-0: Fielders Choice at 2nd, 6-4 (Groundball, 6, EV 110.6 MPH)
Top of the 8th over - 0 runs, 1 hit, 0 errors, 1 left on base; Atlanta 1 - Milwaukee 6
BOTTOM OF THE 8TH
Milwaukee Brewers batting - Pitching for Atlanta Braves : RHP Kenny Ward
Batting: LHB Alex Cruz 0-0: SINGLE (Line Drive, 89M, EV 86.9 MPH)
Batting: RHB Joe Hardie 0-0: Swinging Strike
0-1: Ball
1-1: Ball
2-1: Swinging Strike
2-2: Strikes out looking
Pitching: RHP Randy Clymer
Batting: RHB Johnny Curet 0-0: Ball
1-0: Swinging Strike
1-1: Called Strike
1-2: Ground out 4-3 (Groundball, 34, EV 83.8 MPH)
Alex Cruz to second
Batting: SHB Jamie Saxton 0-0: Reached on error, E4 (Groundball, 4D, EV 108.8 MPH)
Alex Cruz to third
Batting: LHB Ron Lenz 0-0: Ball
1-0: Foul Ball, location: 2LF
1-1: Ball
2-1: Fly out, F8 (Flyball, 78M, EV 91.3 MPH)
Bottom of the 8th over - 0 runs, 1 hit, 1 error, 2 left on base; Atlanta 1 - Milwaukee 6
TOP OF THE 9TH
Atlanta Braves batting - Pitching for Milwaukee Brewers : RHP Josh Watts
Pitching: LHP Mike Williams
Batting: RHB Ramon Carrion 0-0: Called Strike
0-1: Ball
1-1: Foul Ball, location: 2F
1-2: Foul Ball, location: 2F
1-2: Ball
2-2: Foul Ball, location: 2F
2-2: Ground out 6-3 (Groundball, 6, EV 100.6 MPH)
Batting: SHB Joe Richardson 0-0: Fly out, F8 (Flyball, 78S, EV 71.3 MPH)
Batting: SHB Carlos Carballo 0-0: Called Strike
0-1: Swinging Strike
0-2: Ball
1-2: Foul Ball, location: 2LF
1-2: Foul Ball, location: 9LMF
1-2: Ground out 6-3 (Groundball, 6, EV 100.0 MPH)
Top of the 9th over - 0 runs, 0 hits, 0 errors, 0 left on base; Atlanta 1 - Milwaukee 6
Thursday, April 4th , 2024 - OOTP Baseball 24.11 Build 85